 Dungeon Crawl Stone Soup version 0.21-a0-154-gb5400c9 (webtiles) character file.

2043 Lunath the Ruffian (level 9, -9/85 HPs)
             Began as a Troll Monk on Aug 2, 2017.
             Was a High Priest of Ru.
             Mangled by a komodo dragon (27 damage)
             ... on level 7 of the Dungeon.
             The game lasted 00:11:44 (4722 turns).

Lunath the Ruffian (Troll Monk)                     Turns: 4722, Time: 00:11:44

Health: -9/85      AC: 10    Str: 21    XL:     9   Next: 4%
Magic:  5/7        EV: 11    Int:  9    God:    Ru [*****.]
Gold:   59         SH:  0    Dex: 12    Spells: 5/8 levels left

rFire    . . .     SeeInvis .     - Unarmed
rCold    . . .     Gourm    +   (shield unavailable)
rNeg     . . .     Faith    .   a - +0 robe
rPois    .         Spirit   .   (helmet restricted)
rElec    .         Reflect  .   (no cloak)
rCorr    .         Harm     .   (gloves unavailable)
MR       .....                  (boots unavailable)
Stlth    +.........             (no amulet)
HPRegen  0.64/turn              (ring unavailable)
MPRegen  0.10/turn              w - ring of wizardry

@: icy armour, drained, slow
A: unfitting armour, claws 3, fast metabolism 3, gourmand, low mp 1,
regeneration 1, shaggy fur 1, tough skin 2, missing a hand, unskilled 1
a: Draw Out Power, Power Leap, Apocalypse, Renounce Religion


You were on level 7 of the Dungeon.
You worshipped Ru.
Ru was extremely pleased with you.
You were not hungry.

You visited 2 branches of the dungeon, and saw 8 of its levels.

You collected 371 gold pieces.
You spent 312 gold pieces at shops.

Inventory:

Hand Weapons
 n - a +0 giant club
 F - a +0 giant spiked club
Armour
 a - a +0 robe (worn)
Jewellery
 o - an uncursed ring of ice
 w - a ring of wizardry (right claw)
 y - an uncursed ring of see invisible {unknown}
Wands
 l - a wand of disintegration (10/24)
Scrolls
 c - a scroll of brand weapon
 d - 2 scrolls of teleportation
 e - 3 scrolls of remove curse
 p - 4 scrolls of identify
 q - a scroll of amnesia
 u - a scroll of enchant armour {unknown}
 x - 2 scrolls of magic mapping
 D - a scroll of recharging {unknown}
 G - a scroll of fog {unknown}
Potions
 f - a potion of might {unknown}
 h - a potion of magic {unknown}
 i - 3 potions of curing
 j - 3 potions of lignification {unknown}
 k - 3 potions of agility {unknown}
 m - a potion of haste {unknown}
 r - a potion of cancellation {unknown}
 t - 2 potions of heal wounds {unknown}
 v - a potion of brilliance {unknown}
 z - a potion of flight {unknown}
 B - a potion of ambrosia {unknown}
Books
 s - a book of Frost

   Spells                             Type                      Level
   a - Freeze                         Ice                          1
   b - Throw Frost                    Conjuration/Ice              2
   c - Ozocubu's Armour               Charms/Ice                   3
   d - Throw Icicle                   Conjuration/Ice              4
   e - Summon Ice Beast               Ice/Summoning                4
Comestibles
 b - 5 bread rations
 g - 3 meat rations
 A - 3 fruits
 C - a royal jelly
 E - 5 chunks of flesh


   Skills:
 + Level 4.3(4.1) Fighting
 + Level 4.1(3.8) Dodging
 - Level 0.9(0.6) Stealth
 * Level 7.8(7.5) Unarmed Combat
 + Level 2.2(2.0) Charms
 + Level 2.3(2.0) Ice Magic


You had 5 spell levels left.
You knew the following spells:

 Your Spells              Type           Power        Failure   Level  Hunger
a - Ozocubu's Armour      Chrm/Ice       #.......     21%         3    ####...


Dungeon Overview and Level Annotations

Branches:
Dungeon (7/15)             Temple (1/1) D:6

Altars:
Ashenzari
Cheibriados
Dithmenos
Elyvilon
Fedhas
Gozag
Hepliaklqana
Kikubaaqudgha
Makhleb
Nemelex Xobeh
Okawaru
Qazlal
Ru
Sif Muna
Trog
Uskayaw
Vehumet
Wu Jian
Xom
Yredelemnul
Zin
The Shining One

Shops:
D:7 ?:([


Innate Abilities, Weirdness & Mutations

You are too large for most types of armour.
You have claws for hands.
Your metabolism is lightning-fast.
You like to eat raw meat.
Your magical capacity is low. (-10% MP)
Your natural rate of healing is unusually fast.
You are covered in fur. (AC +1)
You have very tough skin. (AC +2)
You are missing a hand.
You are somewhat unskilled. (-1 Apt)


Message History

The komodo dragon is moderately wounded.
You swing at nothing.
The komodo dragon bites you.
You claw the komodo dragon!
The komodo dragon is heavily wounded.
The orc wizard casts a cantrip, but nothing happens.
You scratch the komodo dragon.
The komodo dragon is heavily wounded.
The komodo dragon barely misses you.
The iguana is stunned by your will and fails to attack.
You claw the komodo dragon!
The komodo dragon is almost dead.
The iguana bites you but does no damage.
The komodo dragon bites you!
* * * LOW HITPOINT WARNING * * *
You completely miss the komodo dragon.
The komodo dragon is severely wounded.
The iguana bites you.
* * * LOW HITPOINT WARNING * * *
The komodo dragon bites you!!
You die...

#.# #. #.#############.
#. #.............#.. #.
#.###########.#...#. #.#
#######.#..... ###
##.......# # #
#...######.#.## #.
####...## #.#.##
#..####@l.....#####.#..#
#..H#l#.....##....#..#
#...5H#.#'#.##....#..#
#5..###.#.#.##........
#..####.....#.##........
#. #######.##........ #
#.##.##........
######.##(###.......
#......##.#####.....


You could see a komodo dragon, a hippogriff, an iguana and a shadow imp.

Vanquished Creatures
  Pikel (D:6)
  The ghost of Lunath the Ruffian, an amateur TrMo (D:3)
  A hungry ghost (D:7)
  Edmund (D:6)
  A slave (D:6)
  An ice beast (D:6)
  A phantom (D:6)
  2 ogres
  A centaur (D:5)
  A crocodile (D:7)
  Blork the orc (D:5)
  A bullfrog (D:6)
  A scorpion (D:7)
  3 vampire bats (D:3)
  2 crimson imps (D:5)
  2 iguanas
  4 worker ants
  A hound zombie (D:7)
  A hound skeleton (D:4)
  A gnoll (D:4)
  7 adders
  A shadow imp (D:5)
  4 dart slugs
  2 leopard geckos
  3 orcs
  2 ball pythons
  9 bats
  2 bat skeletons (D:3)
  2 bat zombies (D:3)
  3 giant cockroaches
  7 goblins
  11 hobgoblins
  3 jackals (D:2)
  3 kobolds
  3 quokkas
  A frilled lizard (D:2)
  8 rats
  A spectral orc (D:6)
100 creatures vanquished.

Notes
Turn   | Place    | Note
-------+----------+-------------------------------------------
     0 | D:1      | Lunath the Troll Monk began the quest for the Orb.
     0 | D:1      | Reached XP level 1. HP: 22/22 MP: 0/0
   109 | D:1      | Reached XP level 2. HP: 27/29 MP: 1/1
   531 | D:1      | Reached skill level 4 in Unarmed Combat
   722 | D:2      | Reached XP level 3. HP: 36/36 MP: 2/2
   934 | D:2      | Found a sacrificial altar of Ru.
   950 | D:2      | Became a worshipper of Ru the Awakened
   956 | D:2      | Gained mutation: Your magical capacity is low. (-10% MP) [Ru sacrifice]
  1007 | D:2      | Reached XP level 4. HP: 42/44 MP: 2/2
  1045 | D:2      | Reached skill level 5 in Unarmed Combat
  1105 | D:2      | Found a hide-covered altar of Uskayaw.
  1506 | D:3      | Found an ancient bone altar of Kikubaaqudgha.
  1514 | D:3      | Reached XP level 5. HP: 47/50 MP: 3/3
  1723 | D:3      | Found a snail-covered altar of Cheibriados.
  1818 | D:3      | Noticed Lunath's ghost (amateur TrMo)
  1885 | D:3      | Killed Lunath's ghost
  1885 | D:3      | Reached skill level 6 in Unarmed Combat
  1885 | D:3      | Reached XP level 6. HP: 19/61 MP: 4/4
  2214 | D:4      | Found an iron altar of Okawaru.
  2330 | D:4      | Found an opulent altar of Gozag.
  2395 | D:4      | Learned a level 3 spell: Ozocubu's Armour
  2404 | D:4      | Found a radiant altar of Vehumet.
  2440 | D:4      | Reached XP level 7. HP: 63/67 MP: 5/5
  2701 | D:4      | Found a deep blue altar of Sif Muna.
  2702 | D:4      | Gained mutation: You are somewhat unskilled. (-1 Apt) [Ru sacrifice]
  2702 | D:4      | Reached * piety under Ru
  2702 | D:4      | Reached ** piety under Ru
  2758 | D:5      | Entered Level 5 of the Dungeon
  2909 | D:5      | Noticed Blork the orc
  2918 | D:5      | Killed Blork the orc
  2949 | D:5      | Found a stormy altar of Qazlal.
  2950 | D:5      | Noticed a fire elemental
  2960 | D:5      | Noticed an air elemental
  2970 | D:5      | Noticed a water elemental
  3163 | D:6      | Noticed Pikel
  3177 | D:6      | Killed Pikel
  3177 | D:6      | Reached skill level 7 in Unarmed Combat
  3177 | D:6      | Reached skill level 1 in Charms
  3177 | D:6      | Reached skill level 1 in Ice Magic
  3177 | D:6      | Reached XP level 8. HP: 9/78 MP: 6/6
  3340 | D:6      | Noticed Edmund
  3358 | D:6      | Killed Edmund
  3562 | D:6      | Found a staircase to the Ecumenical Temple.
  3647 | D:6      | Found a sparkling altar of Nemelex Xobeh.
  3909 | D:6      | Found a basalt altar of Yredelemnul.
  4160 | Temple   | Entered the Ecumenical Temple
  4426 | D:7      | Found Naxki's Magic Scroll Boutique.
  4433 | D:7      | Bought a scroll of brand weapon for 260 gold pieces
  4433 | D:7      | Bought a scroll of identify for 26 gold pieces
  4433 | D:7      | Bought a scroll of identify for 26 gold pieces
  4444 | D:7      | Found Ezxif's Book Emporium.
  4460 | D:7      | Gained mutation: You are missing a hand. [Ru sacrifice]
  4460 | D:7      | Reached *** piety under Ru
  4460 | D:7      | Reached **** piety under Ru
  4460 | D:7      | Reached ***** piety under Ru
  4498 | D:7      | Found a shimmering altar of Xom.
  4499 | D:7      | Found a shimmering altar of Xom.
  4504 | D:7      | Found a shimmering altar of Xom.
  4504 | D:7      | Found a shimmering altar of Xom.
  4505 | D:7      | Found a shimmering altar of Xom.
  4505 | D:7      | Found a shimmering altar of Xom.
  4535 | D:7      | Noticed a rime drake
  4573 | D:7      | Found Fyjeus's Armour Shop.
  4620 | D:7      | Found Ruoniyng's Antique Weapon Emporium.
  4704 | D:7      | Noticed a hippogriff
  4708 | D:7      | Noticed a komodo dragon
  4708 | D:7      | Reached XP level 9. HP: 82/85 MP: 7/7
  4722 | D:7      | Mangled by a komodo dragon

Vault maps used:
D:1:      dpeg_arrival_boxes_within_box
D:2:      lemuel_doored_altar, lemuel_crystal_altar, serial_bayou_pond_c
D:3:      kennysheep_vampire_church, overflow_temple_1_default,
          hangedman_decor_diamond_cutter, roderic_malta_cross, st_stairs_8
D:4:      okawaru_metal_pillars_3, vehumet_crystals,
          lemuel_coloured_pillars_altar, kennysheep_mini_moat, first_bread,
          sigmund_army
D:5:      nicolae_qazlal_style_of_elements, corexii_item_surrounded_by_moat,
          uniq_blork_the_orc
D:6:      kennysheep_little_box, yredelemnul_forgotten_temple_becter,
          temple_statues, uniq_pikel, uniq_edmund
D:7:      minmay_blocky_corners, xom_shifter_show, serial_shops, shop,
          nicolae_shop_stone, nicolae_shop_overgrown_old_shop, shop_fountains,
          enter_bailey_2, basic_altar
Temple:   jpeg_temple_alley_garden

Skill      XL: |  1  2  3  4  5  6  7  8 |
---------------+-------------------------+-----
Unarmed Combat | 4 5 6 7 |  7.8
Fighting       | 3 4 |  4.3
Dodging        | 3 4 |  4.1
Stealth        | 0 |  0.9
Charms         | 1 2 |  2.2
Ice Magic      | 1 2 |  2.3

Action                   |  1- 3 |  4- 6 |  7- 9 || total
-------------------------+-------+-------+-------++-------
Melee: Unarmed           |    98 |   105 |   135 ||   338
       Punch             |       |     1 |     3 ||     4
 Cast: Ozocubu's Armour  |       |       |     1 ||     1
Invok: Sacrifice Essence |     1 |       |       ||     1
       Sacrifice Skill   |       |       |     1 ||     1
       Sacrifice a Hand  |       |       |     1 ||     1
  Use: Scroll            |       |       |     7 ||     7
 Stab: Sleeping          |       |     2 |     1 ||     3
       Invisible         |       |       |     1 ||     1
  Eat: Chunk             |    15 |    12 |    22 ||    49
Armor: Robe              |    36 |    65 |    21 ||   122
Dodge: Dodged            |    63 |    84 |    70 ||   217
